 Dungeon Crawl Stone Soup version 0.22-a0-410-g97be04f (webtiles) character file.

9 4thArraOfDagon the Magician (level 2, -1/19 HPs)
             Began as a Mummy Fire Elementalist on May 11, 2018.
             Slain by an adder (5 damage)
             ... on level 3 of the Dungeon.
             The game lasted 00:01:24 (238 turns).

4thArraOfDagon the Magician (MuFE)                   Turns: 238, Time: 00:01:24

Health: -1/19      AC:  2    Str: 11    XL:     2   Next: 6%
Magic:  2/5        EV: 12    Int: 18    God:
Gold:   14         SH:  0    Dex: 12    Spells: 5/6 levels left

rFire    x . .     SeeInvis .   (no weapon)
rCold    + . .     Gourm    .   (no shield)
rNeg     + + +     Faith    .   a - +0 robe
rPois    ∞         Spirit   .   (no helmet)
rElec    .         Reflect  .   (no cloak)
rCorr    .         Harm     .   (no gloves)
MR       .....                  (no boots)
Stlth    ++........             (no amulet)
HPRegen  0.06/turn              d - +4 ring of intelligence
MPRegen  0.09/turn              (no ring)

@: very slightly contaminated
A: no food or potions, fire vulnerability, cold resistance 1, negative energy
resistance 3, torment resistance, unbreathing
a: no special abilities


You were on level 3 of the Dungeon.
You were not hungry.

You visited 1 branch of the dungeon, and saw 3 of its levels.

You collected 14 gold pieces.

Inventory:

Armour
 a - a +0 robe (worn)
Jewellery
 d - a +4 ring of intelligence (left hand)


   Skills:
 - Level 1.5 Dodging
 - Level 1.5 Stealth
 + Level 2.9 Spellcasting
 * Level 1.2 Conjurations
 * Level 2.6 Fire Magic


You had 5 spell levels left.
You knew the following spells:

 Your Spells              Type           Power        Failure   Level  Hunger
a - Flame Tongue          Conj/Fire      #....        8%          1    N/A

Dungeon Overview and Level Annotations

Branches:
Dungeon (3/15)

Altars:
Uskayaw


Innate Abilities, Weirdness & Mutations

You do not eat or drink.
Your flesh is vulnerable to fire.
You are immune to poison.
Your flesh is cold resistant. (rC+)
You are immune to negative energy. (rN+++)
You are immune to unholy pain and torment.
You can survive without breathing.


Message History

Unknown command.
Unknown command.
Casting: Flame Tongue (safe; 8% risk of failure)
Confirm with . or Enter, or press ? or * to list all spells.
Aiming: Flame Tongue (safe; 8% risk of failure)
Press: ? - help, Shift-Dir - straight line, f - adder
Aim: an adder The flame tongue misses the adder.
The kobold throws a stone.
The stone hits you.
* * * LOW HITPOINT WARNING * * *
Casting: Flame Tongue (safe; 8% risk of failure)
Confirm with . or Enter, or press ? or * to list all spells.
Aiming: Flame Tongue (safe; 8% risk of failure)
Press: ? - help, Shift-Dir - straight line, f/p - adder
Aim: an adder The flame tongue hits the adder.
The adder is moderately wounded.
The adder closely misses you.
The kobold throws a stone.
The stone hits you but does no damage. The adder bites you.
You die...

###### #####....###
#..@SK.....#
#....###.....#
#.8..._...8..#
#....%)!.....#
##.8....Kg.8?.#
#...............
#..8.......8.#..
####....K...........
....$##.§...#####...


You could see an adder and 2 kobolds.

Vanquished Creatures
  An orc (D:3)
  A goblin (D:1)
  2 hobgoblins (D:1)
  A jackal (D:3)
  A kobold (D:1)
  A frilled lizard (D:1)
7 creatures vanquished.

Notes
Turn   | Place    | Note
-------+----------+-------------------------------------------
     0 | D:1      | 4thArraOfDagon the Mummy Fire Elementalist began the quest for the Orb.
     0 | D:1      | Reached XP level 1. HP: 13/13 MP: 4/4
    47 | D:1      | Reached skill level 1 in Conjurations
   185 | D:3      | Noticed an orc priest
   203 | D:3      | Reached XP level 2. HP: 7/19 MP: 0/5
   228 | D:3      | Found a hide-covered altar of Uskayaw.
   238 | D:3      | Slain by an adder

Vault maps used:
D:1:      minmay_arrival_up_and_down, grunt_decor_arrowhead
D:2:      grunt_dithmenos_smoke_and_mirrors, nemelex_spade_bored_becter,
          uniq_sigmund
D:3:      eat_drink_and_be_merry_uskayaw, uniq_robin

Skill      XL: |  1 |
---------------+----+-----
Conjurations   | 1 |  1.2
Dodging        | |  1.5
Stealth        | |  1.5
Spellcasting   | |  2.9
Fire Magic     | |  2.6

Action                   || total
-------------------------++-------
Melee: Unarmed           ||     1
 Cast: Flame Tongue      ||    17
  Use: Scroll            ||     3
Armor: Robe              ||     2
Dodge: Dodged            ||    12

Table legend:
 A = Spawn XP
 B = Non-spawn XP
 C = Spawn XP percentage of total XP
 D = Spawn monster count
 E = Non-spawn monster count
 F = Spawn count percentage of total count
 G = Total turns spent on level
                    A         B        C        D         E        F      G
               +---------+---------+-------+---------+---------+-------+---------
         Total |       0 |      14 |   0.0 |       0 |       7 |   0.0 |   238
               +---------+---------+-------+---------+---------+-------+---------
           D:1 |       0 |       9 |   0.0 |       0 |       5 |   0.0 |   126
           D:3 |       0 |       5 |   0.0 |       0 |       2 |   0.0 |   107
               +---------+---------+-------+---------+---------+-------+---------
